[ AOE2 MATCH · #513588883 ]
UnrankedSpanish vs Byzantines
Player's team · WIN
[ REPLAY ANALYSIS · EXTRACTED FROM THE RECORDED GAME ]
Feudal
10:05
Castle
19:25
Imperial
—
| APM avg | 23.4 |
| APM peak | 45 |
| eAPM avg | 12.7 |
| Villagers / military | 54 / 11 |
Focus
⚔️ 20.1% · 🌾 79.9%
Conquistador ×6 · Mangonel ×2 · Spearman ×2 · Battering Ram ×1
Feudal
11:53
Castle
23:42
Imperial
—
| APM avg | 37.4 |
| APM peak | 72 |
| eAPM avg | 13.2 |
| Villagers / military | 46 / 28 |
Focus
⚔️ 19.5% · 🌾 80.5%
Archer ×14 · Skirmisher ×10 · Militia ×3 · Knight ×1
Match map
Initial resources + every placement click. Lines = walls · curves = elevation contours. ◆ gold · ⬟ stone · ● berries · ✦ relic · ◌ wall gap
Your base· Open — unwalled flank
DelugeRS's base· Open — unwalled flank
Smoothed initial terrain · ◌ = detected wall gap · hover for details
Inputs per minute
— Manzana - - DelugeRS
Build order — Manzana
113 actions detected in the replay
| 0:00 | Queue | Villager (Male) |
| 0:00 | Queue | Villager (Male) |
| 0:01 | Queue | Villager (Male) |
| 0:01 | Queue | Villager (Male) |
| 0:04 | Build | House |
| 0:05 | Build | House |
| 1:24 | Queue | Villager (Male) |
| 2:05 | Queue | Villager (Male) |
| 2:14 | Queue | Villager (Male) |
| 2:47 | Queue | Villager (Male) |
| 2:52 | Build | Lumber Camp |
| 3:15 | Queue | Villager (Male) |
| 3:16 | Queue | Villager (Male) |
| 3:47 | Build | House |
| 3:48 | Build | House |
| 4:06 | Queue | Villager (Male) |
| 4:06 | Queue | Villager (Male) |
| 4:07 | Queue | Villager (Male) |
| 4:07 | Queue | Villager (Male) |
| 4:49 | Queue | Villager (Male) |
| 5:20 | Build | House |
| 5:24 | Build | House |
| 5:30 | Build | House |
| 5:42 | Queue | Villager (Male) |
| 5:43 | Queue | Villager (Male) |
| 6:16 | Queue | Villager (Male) |
| 6:46 | Build | Mill |
| 6:49 | Queue | Villager (Male) |
| 6:51 | Research | Loom |
| 7:49 | Research | Feudal Age |
| 8:06 | Build | Mining Camp |
| 8:35 | Build | Mining Camp |
| 9:30 | Queue | Villager (Male) |
| 9:30 | Queue | Villager (Male) |
| 9:40 | Build | Barracks |
| 10:05 | Age | Feudal Age |
| 10:20 | Research | Double-Bit Axe |
| 10:22 | Queue | Villager (Male) |
| 10:29 | Build | Palisade Wall |
| 10:31 | Build | Palisade Wall |
| 10:33 | Build | Palisade Wall |
| 10:34 | Build | Palisade Wall |
| 11:04 | Queue | Villager (Male) |
| 11:16 | Queue | Spearman |
| 11:33 | Build | Watch Tower |
| 11:55 | Queue | Villager (Male) |
| 11:56 | Queue | Villager (Male) |
| 12:11 | Build | Watch Tower |
| 12:47 | Queue | Villager (Male) |
| 12:47 | Queue | Villager (Male) |
| 13:01 | Build | Palisade Gate |
| 14:09 | Queue | Villager (Male) |
| 14:09 | Queue | Villager (Male) |
| 14:16 | Build | Market |
| 14:49 | Build | Blacksmith |
| 14:51 | Queue | Spearman |
| 14:59 | Build | Farm |
| 15:01 | Build | Farm |
| 15:05 | Build | Farm |
| 15:14 | Build | Farm |
| 15:15 | Queue | Villager (Male) |
| 15:16 | Queue | Villager (Male) |
| 15:16 | Queue | Villager (Male) |
| 15:57 | Build | Farm |
| 16:09 | Build | Farm |
| 16:45 | Research | Castle Age |
| 17:08 | Build | Watch Tower |
| 17:50 | Build | Watch Tower |
| 19:25 | Age | Castle Age |
| 19:58 | Queue | Villager (Male) |
| 19:58 | Queue | Villager (Male) |
| 20:04 | Build | Castle |
| 20:14 | Queue | Villager (Male) |
| 20:14 | Queue | Villager (Male) |
| 20:44 | Build | Mining Camp |
| 20:46 | Queue | Conquistador |
| 20:47 | Queue | Conquistador |
| 20:52 | Build | Siege Workshop |
| 21:07 | Build | Lumber Camp |
| 21:28 | Queue | Villager (Male) |
| 21:28 | Queue | Villager (Male) |
| 21:58 | Queue | Conquistador |
| 22:00 | Queue | Villager (Male) |
| 22:00 | Queue | Villager (Male) |
| 22:13 | Queue | Battering Ram |
| 22:35 | Queue | Villager (Male) |
| 22:35 | Queue | Villager (Male) |
| 22:53 | Queue | Mangonel |
| 22:55 | Queue | Villager (Male) |
| 23:22 | Queue | Villager (Male) |
| 23:23 | Queue | Villager (Male) |
| 23:33 | Queue | Mangonel |
| 23:42 | Queue | Villager (Male) |
| 24:05 | Build | Gate |
| 24:12 | Queue | Villager (Male) |
| 24:13 | Queue | Villager (Male) |
| 24:16 | Build | Farm |
| 25:18 | Queue | Villager (Male) |
| 25:19 | Queue | Villager (Male) |
| 25:19 | Queue | Villager (Male) |
| 25:26 | Build | Farm |
| 25:27 | Build | Farm |
| 25:42 | Queue | Conquistador |
| 25:51 | Build | Farm |
| 26:14 | Build | Lumber Camp |
| 26:35 | Queue | Villager (Male) |
| 26:35 | Queue | Villager (Male) |
| 26:38 | Build | Farm |
| 26:57 | Queue | Villager (Male) |
| 27:08 | Queue | Conquistador |
| 27:08 | Queue | Conquistador |
| 27:16 | Build | Monastery |
| 27:28 | Research | Fletching |
Build order — DelugeRS
127 actions detected in the replay
| 0:02 | Queue | Villager (Male) |
| 0:02 | Queue | Villager (Male) |
| 0:02 | Queue | Villager (Male) |
| 0:04 | Build | House |
| 0:06 | Build | House |
| 0:36 | Queue | Villager (Male) |
| 1:33 | Queue | Villager (Male) |
| 1:50 | Build | Lumber Camp |
| 2:06 | Queue | Villager (Male) |
| 2:22 | Queue | Villager (Male) |
| 3:04 | Queue | Villager (Male) |
| 3:35 | Queue | Villager (Male) |
| 3:53 | Build | House |
| 3:57 | Research | Loom |
| 4:05 | Build | Mill |
| 4:32 | Queue | Villager (Male) |
| 4:52 | Queue | Villager (Male) |
| 5:23 | Queue | Villager (Male) |
| 5:43 | Build | Barracks |
| 5:51 | Queue | Villager (Male) |
| 6:09 | Queue | Villager (Male) |
| 6:46 | Queue | Villager (Male) |
| 6:47 | Queue | Villager (Male) |
| 6:52 | Build | House |
| 7:16 | Queue | Militia |
| 7:26 | Queue | Villager (Male) |
| 7:35 | Queue | Militia |
| 8:01 | Queue | Villager (Male) |
| 8:09 | Build | Mill |
| 8:13 | Queue | Villager (Male) |
| 8:25 | Queue | Militia |
| 8:27 | Queue | Villager (Male) |
| 8:30 | Build | House |
| 8:39 | Build | House |
| 9:43 | Research | Feudal Age |
| 10:05 | Build | Mining Camp |
| 10:11 | Queue | Villager (Male) |
| 10:20 | Build | Farm |
| 10:47 | Queue | Villager (Male) |
| 10:51 | Build | Farm |
| 11:08 | Queue | Villager (Male) |
| 11:24 | Queue | Villager (Male) |
| 11:46 | Queue | Villager (Male) |
| 11:53 | Age | Feudal Age |
| 12:07 | Queue | Villager (Male) |
| 12:10 | Build | Archery Range |
| 12:29 | Research | Double-Bit Axe |
| 12:36 | Queue | Villager (Male) |
| 12:56 | Queue | Archer |
| 12:56 | Queue | Archer |
| 13:04 | Queue | Villager (Male) |
| 13:48 | Queue | Villager (Male) |
| 13:50 | Queue | Archer |
| 14:02 | Build | Farm |
| 14:06 | Build | Blacksmith |
| 14:27 | Build | Archery Range |
| 14:29 | Queue | Villager (Male) |
| 14:34 | Queue | Archer |
| 14:55 | Build | Farm |
| 15:00 | Build | House |
| 15:02 | Build | House |
| 15:06 | Queue | Archer |
| 15:14 | Queue | Archer |
| 15:17 | Queue | Villager (Male) |
| 15:38 | Queue | Villager (Male) |
| 15:41 | Queue | Archer |
| 15:41 | Queue | Archer |
| 15:44 | Queue | Archer |
| 15:57 | Build | Farm |
| 16:01 | Build | Farm |
| 16:09 | Build | Farm |
| 16:15 | Research | Fletching |
| 16:17 | Queue | Villager (Male) |
| 16:33 | Build | Farm |
| 16:39 | Queue | Archer |
| 16:58 | Queue | Villager (Male) |
| 17:02 | Build | House |
| 17:05 | Build | Farm |
| 17:12 | Queue | Villager (Male) |
| 17:16 | Queue | Archer |
| 17:16 | Queue | Archer |
| 17:20 | Build | House |
| 17:40 | Build | Farm |
| 17:41 | Build | Farm |
| 17:53 | Queue | Archer |
| 17:54 | Queue | Archer |
| 18:17 | Build | Stable |
| 18:21 | Build | Barracks |
| 18:28 | Queue | Villager (Male) |
| 18:31 | Build | Farm |
| 18:48 | Queue | Villager (Male) |
| 18:51 | Build | Farm |
| 19:09 | Queue | Villager (Male) |
| 19:12 | Build | Farm |
| 19:22 | Queue | Villager (Male) |
| 19:27 | Build | House |
| 19:27 | Build | House |
| 19:28 | Build | House |
| 19:28 | Build | House |
| 19:29 | Build | House |
| 19:43 | Build | Archery Range |
| 20:06 | Queue | Villager (Male) |
| 20:09 | Build | Farm |
| 21:03 | Research | Castle Age |
| 21:24 | Build | Mining Camp |
| 21:55 | Queue | Skirmisher |
| 21:56 | Queue | Skirmisher |
| 21:56 | Queue | Skirmisher |
| 21:56 | Queue | Skirmisher |
| 22:08 | Research | Padded Archer Armor |
| 22:38 | Queue | Skirmisher |
| 22:38 | Queue | Skirmisher |
| 23:01 | Queue | Skirmisher |
| 23:01 | Queue | Skirmisher |
| 23:25 | Queue | Skirmisher |
| 23:25 | Queue | Skirmisher |
| 23:42 | Age | Castle Age |
| 23:46 | Build | Farm |
| 23:56 | Build | Town Center |
| 24:19 | Queue | Villager (Male) |
| 24:19 | Queue | Villager (Male) |
| 24:20 | Queue | Villager (Male) |
| 24:20 | Queue | Villager (Male) |
| 24:36 | Queue | Knight |
| 25:26 | Build | Town Center |
| 25:49 | Queue | Villager (Male) |
| 26:13 | Queue | Villager (Male) |
Match timeline
| 5:43 | DelugeRS · first_building Barracks |
| 9:40 | Manzana · first_building Barracks |
| 10:05 | Manzana · age_up feudal |
| 10:29 | Manzana · wall_segment Palisade Wall x7 |
| 10:31 | Manzana · wall_segment Palisade Wall x1 |
| 10:33 | Manzana · wall_segment Palisade Wall x1 |
| 10:34 | Manzana · wall_segment Palisade Wall x1 |
| 11:53 | DelugeRS · age_up feudal |
| 12:10 | DelugeRS · first_building Archery Range |
| 15:49 | Manzana · first_market_buy 100 food |
| 16:44 | Manzana · first_market_sell 100 food |
| 18:17 | DelugeRS · first_building Stable |
| 19:25 | Manzana · age_up castle |
| 20:04 | Manzana · first_building Castle |
| 20:52 | Manzana · first_building Siege Workshop |
| 23:42 | DelugeRS · age_up castle |
| 27:16 | Manzana · first_building Monastery |
| 27:45 | DelugeRS · resign |
[ AI ANALYSIS · 1 CREDIT ]
What really happened in this match?
Wolo.gg analyzes every decision: build order, eco, micro, common mistakes by bracket. Personalized analysis on WhatsApp or Discord in 30 seconds.
Civ guide
Spanish
Perfil
Jugador #23720702